AoeStats
← valodinbooher

Arabia

510006921Analyzed
1v1 RM · 3d ago on Sep 29, 2026· 28m 12s· 2 players
Game mode
Random Map
Map size
Tiny (2 player)
Population
200
Speed
Normal
Resources
Standard
Victory
Conquest
Starting age
Dark Age
Ending age
Imperial Age
RankedLock teamsTeams togetherTeam positionsShared explorationLock speedFull tech treeHidden civsTurbo modeCheats
Victory
Defeat
🇺🇾 Teutons · Uruguay
628
+17
🇺🇸 Turks · United States
652
-17
dr selalastra
8:43 Loom
11:04 Feudal Age
13:24 Double-Bit Axe
14:39 Horse Collar
20:02 Castle Age
18:21 Gold Mining
20:11 Wheelbarrow
20:22 Town Watch
23:35 Fletching
25:46 Bow Saw
valodinbooher
7:28 Loom
11:29 Feudal Age
11:44 Feudal Age
16:37 Castle Age
17:42 Horse Collar
17:53 Double-Bit Axe
Connection lost

Rejoining the realm…

Still unreachable

The connection could not be restored.

Session expired

The server has moved on; the page needs a fresh start.